 Dungeon Crawl Stone Soup version 0.31-a0-277-g31ea1f65cc (webtiles) character file.

Game seed: 6925130817136932832

32 Ofeo the Conjurer (level 3, 0/31 HPs)
             Began as an Armataur Reaver on July 16, 2023.
             Was a Believer of Jiyva.
             Slain by a gnoll
             ... wielding a +0 flail
              (9 damage)
             ... on level 2 of the Dungeon.
             The game lasted 00:00:57 (990 turns).

Ofeo the Conjurer (Armataur Reaver)                  Turns: 990, Time: 00:00:58

Health: 0/31       AC:  4    Str: 19    XL:     3   Next: 8%
Magic:  6/6        EV:  9    Int: 13    God:    Jiyva [**....]
Gold:   28         SH:  0    Dex:  8    Spells: 5/6 levels left

rFire   . . .        a - +0 hand axe
rCold   . . .        (no shield)
rNeg    . . .        b - +0 leather armour
rPois   .            (no helmet)
rElec   .            (no cloak)
rCorr   +            (no gloves)
SInv    .            (no barding)
Will    .....        (no amulet)
Stlth   +            (no ring)
HPRegen 1.21/turn    (no ring)
MPRegen 0.40/turn

%: roll
@: no status effects
A: large, rugged brown scales 3, deformed body, armoured tail, roll, long
tongue, awkward tongue
a: Renounce Religion


You were on level 2 of the Dungeon.
You worshipped Jiyva.
Jiyva was pleased with you.
You visited 1 branch of the dungeon, and saw 2 of its levels.

You collected 28 gold pieces.

Inventory:

Hand Weapons
 a - a +0 hand axe (weapon)
Missiles
 f - a throwing net
Armour
 b - a +0 leather armour (worn)
Jewellery
 c - a ring of fire
Scrolls
 e - a scroll of fear {unknown}
Potions
 g - 2 potions of might {unknown}


   Skills:
 + Level 2.1 Fighting
 + Level 2.6 Axes
 + Level 1.7 Dodging
 + Level 2.0 Spellcasting
 + Level 3.0 Conjurations


You had 5 spell levels left.
You knew the following spells:

 Your Spells              Type           Power      Damage    Failure   Level
a - Kiss of Death         Conj/Necr      20%        2d7       16%         1

Your spell library contained the following spells:

 Spells                   Type           Power      Damage    Failure   Level
 Momentum Strike          Conj/Tloc      10%        3d8       24%         2
 Hailstorm                Conj/Ice       5%         3d4       43%         3


Dungeon Overview and Level Annotations

Branches:
Dungeon (2/15)

Altars:
Jiyva


Innate Abilities, Weirdness & Mutations

You are completely covered in rugged brown scales. (AC +3, +7% HP)
Armour fits poorly on your strangely shaped body.
You have a long armoured tail.
You roll when moving toward enemies. (Rampage)
Your long tongue fully drains potion bottles. (2x potion effects)
Your tongue gives you trouble enunciating. (1.5x scroll delay)


Message History

The gnoll hits you with a +0 flail.
You take 7 damage, and have 18/31 hp.
MASSIVE DAMAGE!!
You are too injured to fight recklessly!
You are too injured to fight recklessly!
You are too injured to fight recklessly!
You are too injured to fight recklessly!
You are too injured to fight recklessly!
You are too injured to fight recklessly!
You are too injured to fight recklessly!
You are too injured to fight recklessly!
You are too injured to fight recklessly!
You are too injured to fight recklessly!
You are too injured to fight recklessly!
You are too injured to fight recklessly!
You are too injured to fight recklessly!
You are too injured to fight recklessly!
You are too injured to fight recklessly!
The gnoll attacks as you move away! The gnoll hits you with a +0 flail!
* * * LOW HITPOINT WARNING * * *
The gnoll attacks as you move away! The gnoll hits you with a +0 whip.
* * * LOW HITPOINT WARNING * * *
You closely miss the gnoll.
Your tail-slap misses the gnoll.
The gnoll hits you but does no damage.
You take 9 damage, and have 9/31 hp.
MASSIVE DAMAGE!!
It was a potion of curing.
You feel better.
You slurp down every last drop of the potion of curing!
The gnoll hits you with a +0 flail!
You hit the gnoll but do no damage. The gnoll barely misses you.
You regained 2 hp, and now have 12/31 hp.
You closely miss the gnoll. The gnoll completely misses you.
You hit the gnoll.
Your tail-slap misses the gnoll.
The gnoll is lightly wounded.
The gnoll barely misses you. The gnoll hits you with a +0 flail!
* * * LOW HITPOINT WARNING * * *
You take 5 damage, and have 8/31 hp.
You hit the gnoll but do no damage.
The gnoll is lightly wounded.
The gnoll closely misses you. The gnoll attacks as you move away!
The gnoll hits you with a +0 flail!
You die...

.. ###.. .... ..#
#.# ### #.###
########.#####....
#.......#.........
#@######.#####....
#g# ### ##...##
#g# #.....#
#........# ##...##
#....###.# ##.##
#..#.. #.# #.. ..#
#.# #.# #.# ##+##
#. .. ##...##


You could see 2 gnolls.

Vanquished Creatures
  An adder (D:2)
  A dart slug (D:2)
  A ball python (D:2)
  A bat (D:1)
  An endoplasm (D:1)
  2 giant cockroaches (D:1)
  A goblin (D:2)
  4 hobgoblins
  3 jackals (D:1)
  2 frilled lizards (D:1)
  A kobold (D:1)
18 creatures vanquished.

Vanquished Creatures (others)
  Sigmund (D:2)
  A ball python (D:2)
  A goblin (D:2)
  6 jackals (D:2)
  A kobold (D:2)
  A bat (D:1)
  3 rats (D:2)
14 creatures vanquished.

Grand Total: 32 creatures vanquished

Notes
Turn   | Place    | Note
-------+----------+-------------------------------------------
     0 | D:1      | Ofeo the Armataur Reaver began the quest for the Orb.
     0 | D:1      | Reached XP level 1. HP: 18/18 MP: 3/3
   157 | D:1      | Found a faded altar of an unknown god.
   216 | D:1      | Prayed at the altar of an unknown god.
   216 | D:1      | Became a worshipper of Jiyva Jeomaost the Shapeless
   216 | D:1      | Reached * piety under Jiyva
   345 | D:1      | Reached XP level 2. HP: 25/25 MP: 4/4
   790 | D:2      | Reached ** piety under Jiyva
   857 | D:2      | Reached skill level 3 in Conjurations
   857 | D:2      | Reached XP level 3. HP: 22/31 MP: 6/6
   961 | D:2      | Killed Sigmund
   990 | D:2      | Slain by a gnoll

Illustrated notes

Levels and vault maps discovered:
D:1:      denvon_arrival_planthouse, layout_loops_ring,
          hellmonk_ecumenical_altar_heavens_door, kennysheep_flooded_box
D:2:      layout_loops_corners, uniq_sigmund

Skill      XL: |  1  2 |
---------------+-------+-----
Fighting       | 2 |  2.1
Spellcasting   | 2 |  2.0
Conjurations   | 3 |  3.0
Axes           | |  2.6
Dodging        | |  1.7

Action                     || total
---------------------------++-------
  Melee: Hand axe          ||    65
         Tailslap          ||     7
         Punch             ||     1
    Use: Potion            ||     1
 Armour: Leather armour    ||    17
  Dodge: Dodged            ||    36

Table legend: (Time is in decaauts)
 A = Elapsed time spent in this place.
 B = Non-inter-level travel time spent in this place.
 C = Inter-level travel time spent in this place.
 D = Time resting spent in this place.
 E = Time spent auto-exploring this place.
 F = Levels seen in this place.
 G = Mean time per level.
                   A        B        C        D        E       F      G
               +--------+--------+--------+--------+--------+-----+--------+
         Total |   1001 |    963 |     38 |      0 |    825 |   2 |  500.5 |
       Dungeon |   1001 |    963 |     38 |      0 |    825 |   2 |  500.5 |
               +--------+--------+--------+--------+--------+-----+--------+

Top non-repeatable levels by time:
     D:1: 716 daAuts
     D:2: 284 daAuts
